 Dungeon Crawl Stone Soup version 0.18-b1-22-ge198996 (webtiles) character file.

1786 RudyRod the Firebug (level 8, -3/54 HPs)
             Began as a Demonspawn Fire Elementalist on May 4, 2016.
             Slain by skk's ghost (14 damage)
             ... on level 7 of the Dungeon.
             The game lasted 00:53:59 (9017 turns).

RudyRod the Firebug (Demonspawn Fire Elementalist)  Turns: 9017, Time: 00:54:00

Health: -3/54      AC:  9    Str:  8    XL:     8   Next: 82%
Magic:  2/16       EV:  9    Int: 19    God:
Gold:   350        SH:  2    Dex: 14    Spells: 4 memorised, 6 levels left

rFire  . . .     SeeInvis .     K - +9 rapier "Demonslayer" {pierce, *Rage rN+ MR+ Stlth+}
rCold  . . .     Gourm    .     a - +0 robe
rNeg   + . .     Faith    .     (no shield)
rPois  .         Spirit   .     (no helmet)
rElec  .         Dismiss  .     t - +2 cloak
rCorr  .         Reflect  .     h - +0 pair of gloves
SustAt +         Harm     .     E - +0 pair of boots
MR     +....     Rnd*Rage +     (no amulet)
Stlth  ++++......               j - ring of sustain attributes
                                s - ring of stealth

@: somewhat resistant to hostile enchantments, stealthy
A: hooves 1, large bone plates 1, demonic guardian 1, spiny 1
a: no special abilities


You were on level 7 of the Dungeon.
You were not hungry.

You visited 2 branches of the dungeon, and saw 8 of its levels.

You collected 350 gold pieces.

Inventory:

Hand Weapons
 c - a +4 quarterstaff of chaos
 K - the +9 rapier "Demonslayer" (weapon) {pierce, *Rage rN+ MR+ Stlth+}
   (You found it on level 7 of the Dungeon)

   It inflicts extra damage upon your enemies.
   It protects you from negative energy.
   It affects your resistance to hostile enchantments.
   It may make you go berserk in combat.
   It makes you more stealthy.
Armour
 a - a +0 robe (worn)
 h - a +0 pair of gloves (worn)
 t - a +2 cloak (worn)
 E - a +0 pair of boots (worn)
Magical Staves
 g - an uncursed staff of conjuration
Jewellery
 j - a ring of sustain attributes (right hand)
 s - a ring of stealth (left hand)
 v - an uncursed ring of ice
Scrolls
 e - 4 scrolls of identify
 l - 4 scrolls of recharging
 m - 2 scrolls of remove curse
 w - a scroll of enchant weapon
 C - 3 scrolls of magic mapping
Potions
 d - 3 potions of brilliance
 f - 3 potions of resistance
 n - a potion of cure mutation {unknown}
 q - 2 potions of lignification
 u - 2 potions of curing {unknown}
 x - 2 potions of heal wounds {unknown}
 D - a potion of flight {unknown}
 G - 2 potions of agility {unknown}
 J - 3 potions of berserk rage
Books
 b - a book of Flames

   Spells                             Type                      Level
   a - Flame Tongue                   Conjuration/Fire             1
   b - Throw Flame                    Conjuration/Fire             2
   c - Conjure Flame                  Conjuration/Fire             3
   d - Inner Flame                    Hexes/Fire                   3
   e - Sticky Flame                   Conjuration/Fire             4
   f - Fireball                       Conjuration/Fire             5
 H - a book of Annihilations

   Spells                             Type                      Level
   a - Poison Arrow                   Conjuration/Poison           6
   b - Chain Lightning                Conjuration/Air              8
   c - Lehudib's Crystal Spear        Conjuration/Earth            8
   d - Glaciate                       Conjuration/Ice              9
   e - Fire Storm                     Conjuration/Fire             9
 I - a book of Necromancy

   Spells                             Type                      Level
   a - Pain                           Necromancy                   1
   b - Animate Skeleton               Necromancy                   1
   c - Vampiric Draining              Necromancy                   3
   d - Regeneration                   Charms/Necromancy            3
   e - Animate Dead                   Necromancy                   4
   f - Control Undead                 Necromancy                   4
Comestibles
 i - 4 meat rations
 k - a chunk of flesh
 r - 3 beef jerkies
 A - 7 bread rations


   Skills:
 + Level 1.4 Fighting
 + Level 0.8 Staves
 + Level 3.8 Dodging
 + Level 3.7 Stealth
 + Level 5.9 Spellcasting
 + Level 5.1 Conjurations
 + Level 6.0 Fire Magic


You had 6 spell levels left.
You knew the following spells:

 Your Spells              Type           Power        Failure   Level  Hunger
a - Flame Tongue          Conj/Fire      ####.        1%          1    None
b - Throw Flame           Conj/Fire      ####..       1%          2    None
c - Sticky Flame          Conj/Fire      ####....     12%         4    ####...
d - Fireball              Conj/Fire      ####......   34%         5    #####..


Dungeon Overview and Level Annotations

Branches:
Dungeon (7/15)             Temple (1/1) D:7

Altars:
Ashenzari
Cheibriados
Elyvilon
Fedhas
Gozag
Kikubaaqudgha
Makhleb
Nemelex Xobeh
Okawaru
Pakellas
Qazlal
Ru
Sif Muna
Xom
Yredelemnul
Zin
Lugonu

Annotations:
D:7 skk's ghost, novice TrNe


Innate Abilities, Weirdness & Mutations

You have large cloven feet.
You are partially covered in large bone plates (AC +2, SH +2).
A weak demonic guardian rushes to your aid.
You are partially covered in sharp spines.


Message History

Your iron imp dies!
Skk's ghost turns its malevolent gaze towards you.
Casting: Flame Tongue
Confirm with . or Enter, or press ? or * to list all spells.
Aiming: Flame Tongue
Press: ? - help, Shift-Dir - straight line, f/p - skk's ghost
Aim: skk's ghost (severely damaged)
The flame tongue misses skk's ghost.
Skk's ghost hits you but does no damage.
Casting: Flame Tongue
Confirm with . or Enter, or press ? or * to list all spells.
Aiming: Flame Tongue
Press: ? - help, Shift-Dir - straight line, f/p - skk's ghost
Aim: skk's ghost (severely damaged)
The flame tongue hits skk's ghost.
Skk's ghost appears unharmed.
Skk's ghost is severely damaged.
Skk's ghost hits you!!
* * * LOW HITPOINT WARNING * * *
Skk's ghost hits you!
You die...

#.#.#.#########.####
#.#.#..............#
#.#'#.........##.#.#
#......######....# #
#......# #..### #
#......# #(.# #.#
#......# ##..###.#
#..W...+ ........
#..@...# ##..###.#
#......# #..# #.#
###'###+## #..###.#
#.....#.# #####..<<#.#
#.....#.# #....#......
#.....#.# #....#..##'#
#.....#.# #....#(.....
#.....#.###....#......
#.....................


You could see skk's ghost.

Vanquished Creatures
  The ghost of theY the Shield-Bearer, an amateur HOFi (D:4)
  Duvessa (D:6)
  A sky beast (D:7)
  A black bear (D:6)
  A necrophage (D:7)
  2 ogres
  4 centaurs
  A wyvern zombie (D:7)
  A wyvern skeleton (D:6)
  A scorpion (D:7)
  2 howler monkeys (D:6)
  A hound (D:4)
  Crazy Yiuf (D:2)
  A giant frog skeleton (D:4)
  Ijyb (D:2)
  Natasha (D:2)
  2 iguanas (D:5)
  2 worker ants
  A killer bee zombie (D:6)
  A hound skeleton (D:6)
  6 adders
  3 gnolls (D:2)
  A worm (D:3)
  A dart slug (D:1)
  A giant gecko (D:5)
  2 orcs
  8 bats
  2 giant cockroaches
  10 goblins
  6 hobgoblins
  7 jackals
  3 quokkas
  8 giant newts
  7 kobolds
  3 rats
95 creatures vanquished.

Vanquished Creatures (collateral kills)
  A hippogriff (D:7)
  Dowan (D:6)
  A scorpion (D:6)
3 creatures vanquished.

Grand Total: 98 creatures vanquished

Notes
Turn   | Place    | Note
--------------------------------------------------------------
     0 | D:1      | RudyRod the Demonspawn Fire Elementalist began the quest for the Orb.
     0 | D:1      | Reached XP level 1. HP: 13/13 MP: 3/3
   429 | D:1      | Gained mutation: You are partially covered in sharp spines. [demonic ancestry]
   429 | D:1      | Reached XP level 2. HP: 11/19 MP: 5/5
   631 | D:1      | Reached skill level 3 in Fire Magic
  1526 | D:2      | Gained mutation: A weak demonic guardian rushes to your aid. [demonic ancestry]
  1526 | D:2      | Reached XP level 3. HP: 24/24 MP: 4/6
  1535 | D:2      | Found a shimmering altar of Xom.
  1539 | D:2      | Found a burning altar of Makhleb.
  1542 | D:2      | Noticed Natasha
  1551 | D:2      | Killed Natasha
  1714 | D:2      | Reached XP level 4. HP: 30/30 MP: 3/8
  1817 | D:2      | Noticed Ijyb
  1822 | D:2      | Killed Ijyb
  1907 | D:2      | Found a deep blue altar of Sif Muna.
  2047 | D:2      | Found a blossoming altar of Fedhas.
  2047 | D:2      | Found an ancient bone altar of Kikubaaqudgha.
  2362 | D:2      | Reached XP level 5. HP: 36/36 MP: 6/9
  2427 | D:2      | Noticed Crazy Yiuf
  2471 | D:2      | Killed Crazy Yiuf
  2513 | D:2      | Learned a level 2 spell: Throw Flame
  2518 | D:2      | Learned a level 4 spell: Sticky Flame
  2834 | D:3      | Found a snail-covered altar of Cheibriados.
  3170 | D:3      | Found a glowing silver altar of Zin.
  3357 | D:3      | Found a stormy altar of Qazlal.
  4162 | D:4      | Noticed theY's ghost (amateur HOFi)
  4187 | D:4      | Reached skill level 4 in Fire Magic
  4767 | D:4      | Noticed an ogre
  4773 | D:4      | Killed an ogre
  4773 | D:4      | Reached XP level 6. HP: 33/42 MP: 7/11
  4913 | D:5      | Entered Level 5 of the Dungeon
  5314 | D:5      | Found an iron altar of Okawaru.
  5453 | D:5      | Found a basalt altar of Yredelemnul.
  6136 | D:6      | Gained mutation: You have large cloven feet. [demonic ancestry]
  6136 | D:6      | Reached XP level 7. HP: 47/47 MP: 4/13
  6777 | D:6      | Noticed Duvessa
  6777 | D:6      | Noticed Dowan
  6790 | D:6      | Killed Duvessa
  6795 | D:6      | Killed Dowan
  6795 | D:6      | Reached skill level 1 in Fighting
  6798 | D:6      | Reached skill level 5 in Fire Magic
  7391 | D:6      | Gained mutation: You are partially covered in large bone plates (AC +2, SH +2). [demonic ancestry]
  7391 | D:6      | Reached XP level 8. HP: 54/54 MP: 15/15
  7612 | D:4      | Killed theY's ghost
  7612 | D:4      | Reached skill level 5 in Spellcasting
  7869 | D:7      | Found a staircase to the Ecumenical Temple.
  7879 | Temple   | Entered the Ecumenical Temple
  8109 | D:7      | Found a shattered altar of Ashenzari.
  8110 | D:7      | Noticed skk's ghost (novice TrNe)
  8424 | D:7      | Reached skill level 5 in Conjurations
  8440 | D:7      | Got a bloodstained rapier
  8453 | D:6      | Identified the +9 rapier "Demonslayer" {pierce, *Rage rN+ MR+ Stlth+} (You found it on level 7 of the Dungeon)
  8948 | D:7      | Reached skill level 6 in Fire Magic
  8959 | D:7      | Learned a level 5 spell: Fireball
  9017 | D:7      | Slain by skk's ghost

Skill      XL: |  1  2  3  4  5  6  7  8 |
---------------+-------------------------+-----
Fire Magic     | 3 4 5 6 |  6.0
Stealth        | 2 3 |  3.7
Dodging        | 2 3 |  3.8
Spellcasting   | 3 4 5 |  5.9
Conjurations   | 2 3 5 |  5.1
Fighting       | 1 |  1.4
Staves         | |  0.8

Action                   |  1- 3 |  4- 6 |  7- 9 || total
-------------------------+-------+-------+-------++-------
Melee: Unarmed           |     6 |       |       ||     6
       Dagger            |     5 |     1 |       ||     6
       Club              |     2 |       |       ||     2
       Quarterstaff      |       |    22 |     3 ||    25
       Staff             |       |       |     4 ||     4
       Rapier            |       |       |     4 ||     4
 Cast: Flame Tongue      |    39 |    70 |    75 ||   184
       Throw Flame       |       |    16 |    14 ||    30
       Sticky Flame      |       |       |     7 ||     7
  Use: Potion            |     1 |       |       ||     1
       Scroll            |       |     3 |    11 ||    14
 Stab: Sleeping          |       |     3 |       ||     3
  Eat: Chunk             |     3 |     5 |     6 ||    14
       Bread ration      |       |     2 |     1 ||     3
       Pizza             |       |       |     1 ||     1
Armor: Robe              |     8 |     8 |    15 ||    31
Dodge: Dodged            |    18 |    30 |    26 ||    74
Block: Other             |       |       |     1 ||     1
